 Dungeon Crawl Stone Soup version 0.14-a0-1076-gee4852e (webtiles) character file.

7882 PolkaDot the Conjurer (level 10, -5/69 HPs)
             Began as a Vampire Conjurer on Nov 25, 2013.
             Was the Champion of Sif Muna.
             Slain by a five-headed hydra zombie (8 damage)
             ... led by Josephine
             ... on Level 10 of the Dungeon.
             The game lasted 01:01:36 (12668 turns).

PolkaDot the Conjurer (Vampire Conjurer)           Turns: 12668, Time: 01:01:36

HP  -5/69        AC  6     Str  9      XL: 10   Next: 97%
MP   9/15        EV 21     Int 20      God: Sif Muna [******]
Gold 291         SH  0     Dex 19      Spells:  3 memorised,  4 levels left

rFire  . . .     SeeInvis +     q - +3,+5 halberd (slay drac)
rCold  . . .     Clarity  .     k - +2 orc robe {MR+}
rNeg   + . .     Conserve +     (no shield)
rPois  .         rCorr    .     r - +0 cap
rElec  .         rRot     .     m - +1 cloak
SustAb . .       Spirit   .     (no gloves)
rMut   .         Warding  .     (no boots)
Saprov . . .     Stasis   .     D - amulet of conservation
                                v - +3 ring of evasion
                                p - +4 ring of strength

@: agile, mildly poisoned, slowed, very slow, quite resistant to hostile
enchantments, very stealthy
A: bottle blood, fangs 3, see invisible, robust 1, weak 1, unbreathing
a: Bat Form, Bottle Blood, Channel Energy, Forget Spell, Renounce Religion


You were on level 10 of the Dungeon.
You worshipped Sif Muna.
Sif Muna was exalted by your worship.
You were not thirsty.

You visited 1 branch of the dungeon, and saw 10 of its levels.

You collected 291 gold pieces.

Inventory:

Hand weapons
 q - a +3,+5 halberd of dragon slaying (weapon)
Armour
 j - a +2 orcish robe of positive energy
 k - a +2 orcish robe of magic resistance (worn)
 m - a +1 cloak (worn)
 r - a +0 cap (worn)
Magical devices
 h - a wand of random effects (2)
 l - a wand of enslavement (1)
 u - a wand of fireball (0)
 B - a wand of draining (2)
 C - a wand of lightning (5)
Scrolls
 a - a scroll of enchant weapon II
 b - 2 scrolls of enchant weapon I {unknown}
 f - 2 scrolls of recharging {unknown}
 n - 2 scrolls of identify
 z - 9 scrolls of remove curse
Jewellery
 i - an uncursed ring of protection from magic
 o - an uncursed ring of ice
 p - a +4 ring of strength (left hand)
 v - a +3 ring of evasion (right hand)
 y - an uncursed ring of teleportation
 D - an amulet of conservation (around neck)
Potions
 g - 2 potions of berserk rage
 t - 2 potions of poison
 w - a potion of blood
Books
 c - a book of Conjurations

   Spells                             Type                      Level
   *Magic Dart                        Conjuration                  1
   *Searing Ray                       Conjuration                  2
   Dazzling Spray                     Conjuration/Hexes            3
   *Iskenderun's Mystic Blast         Conjuration                  4
   Iskenderun's Battlesphere          Conjuration/Charms           4
   Fulminant Prism                    Conjuration/Hexes            5
 s - a book of Summonings

   Spells                             Type                      Level
   Abjuration                         Summoning                    3
   Recall                             Summoning/Translocation      3
   Summon Elemental                   Summoning                    4
   Shadow Creatures                   Summoning                    5
   Summon Demon                       Summoning                    5
   Summon Ugly Thing                  Summoning                    6
 x - a book of Callings

   Spells                             Type                      Level
   Summon Small Mammal                Summoning                    1
   Call Imp                           Summoning                    2
   Call Canine Familiar               Summoning                    3
   Summon Scorpions                   Summoning/Poison             4
   Summon Ice Beast                   Ice/Summoning                4


   Skills:
 - Level 2.1 Dodging
 - Level 3.0 Stealth
 - Level 1.0 Spellcasting
 * Level 13.0 Conjurations


You had 4 spell levels left.
You knew the following spells:

 Your Spells              Type           Power        Failure   Level  Hunger
a - Magic Dart            Conj           ####         1%          1    ##.....
d - Iskenderun's Mystic   Conj           ######..     1%          4    #####..
s - Searing Ray           Conj           ######       1%          2    ###....


Dungeon Overview and Level Annotations

Branches:
Dungeon (10/16)            Temple (0/1) D:6
    Orc: D:9-12        Lair: D:8-11

Altars:
Cheibriados
Fedhas
Sif Muna

Annotations:
D:10 Sonja


Innate Abilities, Weirdness & Mutations

You can bottle blood from corpses.
You have razor-sharp teeth.*
You have supernaturally acute eyesight.
You can survive without breathing.*
You are robust (+10% HP).
You are weak. (Str -2)


Message History

The five-headed hydra zombie bites you!
* * * LOW HITPOINT WARNING * * *
The five-headed hydra zombie closely misses you.
The five-headed hydra zombie completely misses you.
You see here a curare-tipped needle.
Sonja mumbles some strange words.
Sonja blinks!
Drink which item? (? for menu, Esc to quit)
Okay, then.
Read which item? (? for menu, Esc to quit)
Okay, then.
* * * LOW HITPOINT WARNING * * *
You feel sick.
Drink which item? (? for menu, Esc to quit)
You feel more agile all of a sudden.
* * * LOW HITPOINT WARNING * * *
You feel sick.
You feel a little better. The five-headed hydra zombie bites you!
You die...

,,,,,,,,,,,*
#..,,,,,,,* *,
,,,,,,,,,,, #.#******,*
** , ,,,,,,,,,,,* #.#
*,* *,, *** * **+***
#.# ,* *,*, *
******,******#.# *,*
*,*, ,,,,,,,,.,,,,,,..#
*,# *,*,
,******#.******#.#
####.## * *, ,* #.* #.#
#.Z§Z.#***,*, ,* #.*
#@# #.###......,, ,*
#.* #Z####.###.####,**
+******#.* #.(.([....%#
* * <,,,,
*#.#######.####.###.#
*,* ,,,,,,##.......K.#
#.# *,* **,**
,..,,+..........# #.#
*,***,,,*
,,...,###.######## #.#
*,, ,,,,*
,.....###'########**#.#
*****,*,*
,...........(......*#.#
*,*,*


You could see Sonja and a five-headed hydra zombie.

Vanquished Creatures
  2 hill giants
  Pikel (D:4)
  4 orc warriors
  A wyvern (D:10)
  A yak (D:10)
  Grum (D:8)
  A necrophage (D:8)
  Menkaure (D:6)
  2 wolves (D:8)
  4 sky beasts
  An ice beast (D:5)
  3 phantoms (D:9)
  3 ogres
  5 centaurs
  Dowan (D:5)
  12 big kobolds (D:8)
  Blork the orc (D:5)
  5 giant frogs
  A cyclops skeleton (D:8)
  9 wights (D:6)
  A killer bee (D:7)
  A yak skeleton (D:8)
  7 crimson imps
  A goliath beetle (D:7)
  A scorpion (D:3)
  3 orc priests
  8 hounds
  Crazy Yiuf (D:2)
  10 orc wizards
  A giant frog skeleton (D:6)
  A jelly (D:5)
  7 iguanas
  3 worker ants
  An ogre zombie (D:5)
  Ijyb (D:6)
  A worker ant zombie (D:6)
  10 adders
  4 gnolls (D:6)
  A giant mite (D:5)
  An inept item mimic (D:6)
  5 worms
  A giant eyeball (D:5)
  4 giant geckos
  43 orcs
  A bat skeleton (D:7)
  14 hobgoblins
  14 jackals
  30 kobolds
  4 quokkas
  A ball python (D:3)
  12 bats
  9 giant cockroaches
  6 giant newts
  14 goblins
  A kobold zombie (D:6)
  An orc simulacrum (D:10)
  14 rats
297 creatures vanquished.

Vanquished Creatures (collateral kills)
  Duvessa (D:5)
1 creature vanquished.

Vanquished Creatures (others)
  2 slaves (D:4)
  2 orc wizards
  An orc (D:4)
  A rat (D:4)
  3 butterflies (D:7)
9 creatures vanquished.

Grand Total: 307 creatures vanquished

Notes
Turn   | Place    | Note
--------------------------------------------------------------
     0 | D:1      | PolkaDot, the Vampire Conjurer, began the quest for the Orb.
     0 | D:1      | Reached XP level 1. HP: 13/13 MP: 4/4
   198 | D:1      | Reached XP level 2. HP: 19/19 MP: 3/5
   524 | D:1      | Learned a level 2 spell: Searing Ray
   992 | D:2      | Reached XP level 3. HP: 24/24 MP: 1/6
  1074 | D:2      | Noticed Crazy Yiuf
  1082 | D:2      | Killed Crazy Yiuf
  1082 | D:2      | Reached skill level 4 in Conjurations
  1380 | D:2      | Reached XP level 4. HP: 30/30 MP: 1/8
  2248 | D:3      | Gained mutation: You are robust (+10% HP). [potion of mutation]
  2248 | D:3      | Gained mutation: You are weak. (Str -2) [potion of mutation]
  2257 | D:3      | Reached XP level 5. HP: 35/38 MP: 5/9
  2263 | D:3      | Reached skill level 5 in Conjurations
  3187 | D:3      | Reached XP level 6. HP: 45/45 MP: 10/10
  3872 | D:4      | Learned a level 4 spell: Iskenderun's Mystic Blast
  3961 | D:4      | Found a deep blue altar of Sif Muna.
  3967 | D:4      | Became a worshipper of Sif Muna the Loreminder
  4088 | D:5      | Entered Level 5 of the Dungeon
  4109 | D:5      | Reached skill level 6 in Conjurations
  4316 | D:5      | Reached XP level 7. HP: 16/50 MP: 3/11
  4893 | D:5      | Acquired Sif Muna's first power
  4955 | D:5      | Noticed Duvessa
  4955 | D:5      | Noticed Dowan
  4999 | D:5      | Killed Duvessa
  4999 | D:5      | Reached skill level 7 in Conjurations
  5015 | D:5      | Killed Dowan
  5218 | D:5      | Noticed Blork the orc
  5226 | D:5      | Killed Blork the orc
  5226 | D:5      | Reached XP level 8. HP: 39/57 MP: 0/13
  5580 | D:5      | Reached skill level 8 in Conjurations
  5627 | D:5      | Acquired Sif Muna's second power
  5883 | D:4      | Noticed Pikel
  5921 | D:4      | Killed Pikel
  5921 | D:4      | Reached skill level 9 in Conjurations
  6648 | D:4      | Reached XP level 9. HP: 31/62 MP: 14/14
  6804 | D:6      | Noticed Menkaure
  6816 | D:6      | Killed Menkaure
  7054 | D:6      | Reached skill level 10 in Conjurations
  7201 | D:6      | Found a staircase to the Ecumenical Temple.
  7373 | D:6      | Acquired Sif Muna's third power
  7889 | D:6      | Noticed Ijyb
  7904 | D:6      | Killed Ijyb
  8295 | D:7      | Found a snail-covered altar of Cheibriados.
  8931 | D:8      | Reached skill level 11 in Conjurations
  9243 | D:8      | Noticed Grum
  9297 | D:8      | Killed Grum
  9357 | D:8      | Reached XP level 10. HP: 41/69 MP: 9/15
 10442 | D:8      | Noticed a hill giant
 10482 | D:8      | Killed a hill giant
 10482 | D:8      | Reached skill level 12 in Conjurations
 11268 | D:8      | Found a blossoming altar of Fedhas.
 11770 | D:9      | Received a gift from Sif Muna
 12129 | D:10     | Entered Level 10 of the Dungeon
 12163 | D:10     | Noticed a hill giant
 12171 | D:10     | Killed a hill giant
 12330 | D:10     | Noticed Sonja
 12415 | D:10     | Reached skill level 13 in Conjurations
 12667 | D:10     | HP: 3/69 [poisoned by Sonja (curare-tipped needle)]
 12668 | D:10     | Slain by a five-headed hydra zombie

Action                   |  1- 3 |  4- 6 |  7- 9 | 10-12 || total
-------------------------+-------+-------+-------+-------++-------
Melee: Unarmed           |    21 |       |       |       ||    21
       Trident           |    15 |   134 |       |       ||   149
       Dagger            |       |    48 |    19 |       ||    67
       Halberd           |       |       |   157 |   189 ||   346
 Cast: Magic Dart        |    53 |     7 |     4 |     3 ||    67
       Searing Ray       |     2 |    34 |    55 |    38 ||   129
       Iskenderun's Myst |       |       |    12 |    18 ||    30
Evoke: Wand              |       |       |     8 |     3 ||    11
  Use: Potion            |     1 |     6 |     4 |     6 ||    17
       Scroll            |       |    12 |    11 |     4 ||    27
 Stab: Sleeping          |       |     4 |     8 |     3 ||    15
       Distracted        |       |       |     1 |       ||     1
